 Dungeon Crawl Stone Soup version 0.23.2-33-g5129a83184 (webtiles) character file.

Game seed: 6322877708993974619

43 BorisKarlOrff the Sneak (level 3, -8/24 HPs)
             Began as an Octopode Assassin on June 29, 2019.
             Mangled by a gnoll
             ... wielding a +0 halberd
              (16 damage)
             ... on level 2 of the Dungeon.
             The game lasted 00:02:06 (1125 turns).

BorisKarlOrff the Sneak (Octopode Assassin)         Turns: 1125, Time: 00:02:06

Health: -8/24      AC:  1    Str:  5    XL:     3   Next: 58%
Magic:  3/3        EV: 13    Int: 13    God:
Gold:   83         SH:  0    Dex: 14    Spells: 2/2 levels left

rFire    . . .     SeeInvis .   b - +0 blowgun
rCold    . . .     Gourm    .   (no shield)
rNeg     . . .     Faith    .   (helmet restricted)
rPois    .         Spirit   .   (no amulet)
rElec    .         Reflect  .   i - -5 ring of strength (curse)
rCorr    .         Harm     .   (no ring)
MR       .....                  (no ring)
Stlth    ++++......             (no ring)
HPRegen  0.08/turn              (no ring)
MPRegen  0.08/turn              (no ring)
                                (no ring)
                                (no ring)

@: no status effects
A: almost no armour, stealthy swim, amphibious, 8 rings, constrict 8, camouflage
1, gelatinous body 1
a: no special abilities


You were on level 2 of the Dungeon.
You were hungry.

You visited 1 branch of the dungeon, and saw 2 of its levels.

You collected 83 gold pieces.

Inventory:

Hand Weapons
 a - a +2 dagger
 b - a +0 blowgun (weapon)
Missiles
 c - a poisoned needle (quivered)
 d - 2 curare-tipped needles
Jewellery
 i - a cursed -5 ring of strength (left tentacle)
Scrolls
 h - a scroll of immolation
Potions
 e - a potion of might {unknown}
 g - a potion of resistance {unknown}
 j - a potion of heal wounds {unknown}
 k - a potion of haste {unknown}
Comestibles
 f - 5 rations


   Skills:
 + Level 2.2 Fighting
 + Level 2.3 Short Blades
 + Level 2.1 Throwing
 + Level 1.2 Dodging
 + Level 6.5 Stealth


You had 2 spell levels left.
You didn't know any spells.
Your spell library was empty.

Dungeon Overview and Level Annotations

Branches:
Dungeon (2/15)

Altars:
Vehumet


Innate Abilities, Weirdness & Mutations

You cannot wear most types of armour.
You are very stealthy in the water. (Stealth+)
You are amphibious.
You can wear up to eight rings at the same time.
You can use your tentacles to constrict eight enemies at once.
Your skin changes colour to match your surroundings (Stealth+).
Your rubbery body absorbs attacks. (AC +1, EV +1)


Message History

The gnoll hits you from afar with a +0 halberd.
Found a leather armour.
Found an escape hatch in the floor.
Firing (i - inventory. (/) - cycle)
c - 3 poisoned needles (quivered)
Press: ? - help, Shift-Dir - straight line, f/p - gnoll
Aim: a gnoll, wielding a +0 club (heavily wounded, poisoned)
You shoot a poisoned needle.
The poisoned needle closely misses the gnoll.
The poisoned needle hits the gnoll.
The gnoll looks even sicker.
The gnoll is heavily wounded.
The gnoll barely misses you.
You feel a bit more experienced.
Firing (i - inventory. (/) - cycle)
c - 2 poisoned needles (quivered)
Press: ? - help, Shift-Dir - straight line, f - gnoll
Aim: a gnoll, wielding a +0 halberd (heavily wounded, poisoned)
You shoot a poisoned needle. The poisoned needle hits the gnoll.
The gnoll looks even sicker.
The gnoll is heavily wounded.
The gnoll hits you from afar with a +0 halberd!
Ouch! That really hurt!
You die...

##.## ##'## ###...#
##...## #...#.#
##.....## ####.#...#
##.......##
........####...._....###
####..>....'.........'..
#....####.........###
#.#..# ##.......##
#..##@# ##.....##### #.
#.# #.........# #. #g#
#.........# ###.###.#
#.........#
........######.........#
###.##..g.gg(..........#
......#######.........#
<..... #?........#
....... #.%.......#


You could see 2 gnolls.

Vanquished Creatures
  A gnoll (D:2)
  An ooze (D:2)
  A dart slug (D:1)
  A leopard gecko (D:1)
  7 bats (D:1)
  A giant cockroach (D:1)
  3 hobgoblins
  3 frilled lizards (D:1)
  4 goblins (D:1)
  2 kobolds (D:1)
  2 rats
26 creatures vanquished.

Notes
Turn   | Place    | Note
-------+----------+-------------------------------------------
     0 | D:1      | BorisKarlOrff the Octopode Assassin began the quest for the
                  | Orb.
     0 | D:1      | Reached XP level 1. HP: 14/14 MP: 1/1
   187 | D:1      | Reached XP level 2. HP: 19/19 MP: 2/2
   610 | D:1      | Reached skill level 6 in Stealth
   753 | D:1      | Reached XP level 3. HP: 24/24 MP: 3/3
  1026 | D:2      | Found a radiant altar of Vehumet.
  1125 | D:2      | Mangled by a gnoll

Skill      XL: |  1  2 |
---------------+-------+-----
Stealth        | 6 |  6.5
Fighting       | |  2.2
Short Blades   | |  2.3
Throwing       | |  2.1
Dodging        | |  1.2

Action                   || total
-------------------------++-------
Melee: Dagger            ||    47
       Tentacles         ||     6
       Constrict         ||     9
 Fire: Blowgun           ||     7
  Use: Scroll            ||     2
 Stab: Sleeping          ||    11
Armor: Skin              ||     5
Dodge: Dodged            ||    39
